 Dungeon Crawl Stone Soup version 0.31-a0-133-gaae73658be (webtiles) character file.

Game seed: 15230098272186012783

690 jlumianski the Covered (level 7, -1/55 HPs)
             Began as a Demonspawn Fighter on June 2, 2023.
             Slain by an orc warrior
             ... wielding a +2 scimitar of holy wrath
              (7 damage)
             ... on level 5 of the Dungeon.
             The game lasted 00:14:18 (3695 turns).

jlumianski the Covered (Demonspawn Fighter)         Turns: 3695, Time: 00:14:19

Health: -1/55      AC: 19    Str: 19    XL:     7   Next: 36%
Magic:  7/7        EV:  8    Int:  9    God:
Gold:   266        SH:  4    Dex: 12    Spells: 6/6 levels left

rFire   + . .        a - +0 war axe
rCold   . . .        c - +0 buckler
rNeg    . . .        f - +1 plate armour {rF+}
rPois   .            C - +2 helmet
rElec   .            w - +2 cloak
rCorr   .            (no gloves)
SInv    .            (no boots)
Will    +....        (no amulet) Stlth
                     o - ring of willpower
HPRegen 0.29/turn    (no ring)
MPRegen 0.10/turn

%: no passive effects
@: no status effects
A: sturdy frame 2
a: no special abilities


You were on level 5 of the Dungeon.
You visited 1 branch of the dungeon, and saw 6 of its levels.

You collected 266 gold pieces.

Inventory:

Hand Weapons
 a - a +0 war axe (weapon)
 u - a +1 whip of flaming
 x - a +0 hand axe of flaming
 E - the +2 hand axe "Orb Guardian's Foe" {drain, rN++ Str+5 Stlth-}
   (You found it on level 5 of the Dungeon)

   Str:       It affects your strength (+5).
   rN:        It greatly protects you from negative energy.
   Stlth:     It makes you less stealthy.
Missiles
 r - 20 stones
 z - 4 boomerangs (quivered)
 B - a boomerang of dispersal
Armour
 b - a +0 scale mail
 c - a +0 buckler (worn)
 f - a +1 plate armour of fire resistance (worn)
 w - a +2 cloak (worn)
 C - a +2 helmet (worn)
Magical Staves
 v - a staff of air
Jewellery
 o - a ring of willpower (left hand)
Wands
 D - a wand of iceblast (2)
Scrolls
 e - a scroll of blinking
 g - a scroll of teleportation
 i - 3 scrolls of fog
 k - a scroll of amnesia
 l - a scroll of enchant weapon
 n - a scroll of immolation
 s - a scroll of vulnerability
 t - 2 scrolls of poison
 y - 2 scrolls of noise
Potions
 d - 2 potions of might
 h - 3 potions of curing
 j - a potion of cancellation
 p - 2 potions of invisibility
 q - a potion of heal wounds
 A - a potion of enlightenment


   Skills:
 + Level 4.7 Fighting
 + Level 4.5 Axes
 + Level 0.6 Throwing
 + Level 4.8 Armour
 + Level 1.0 Dodging
 + Level 1.1 Stealth
 + Level 3.2 Shields


You had 6 spell levels left.
You didn't know any spells.
Your spell library contained the following spells:

 Spells                   Type           Power      Damage    Failure   Level
 Apportation              Tloc           0%         N/A       99%         1
 Necrotise                Necr           0%         1d4       99%         1
 Summon Small Mammal      Summ           0%         N/A       99%         1
 Inner Flame              Hex/Fire       0%         N/A       100%        3
 Blade Hands              Tmut           0%         N/A       100%        5
 Irradiate                Conj/Tmut      0%         3d11      100%        5
 Yara's Violent Unravell  Hex/Tmut       0%         3d3       100%        5
 Dragon Form              Tmut           0%         N/A       100%        7
 Enfeeble                 Hex            0%         N/A       100%        7


Dungeon Overview and Level Annotations

Branches:
Dungeon (6/15)
 Temple: D:4-7

Altars:

Shops:
D:4 :


Innate Abilities, Weirdness & Mutations

Your movements are less encumbered by armour. (ER -4)


Message History

The iguana is moderately wounded.
The iguana bites you.
You hit the iguana.
The iguana is heavily wounded.
The iguana completely misses you. The iguana bites you!
You slash the iguana!
You kill the iguana!
You see here an iguana corpse.
Found a stone staircase leading up.
You see here an iguana corpse.
There is a stone staircase leading down, spattered with blood here.
You climb downwards.
You hear the sound of rushing water.
There is an entrance to a sewer on this level.
Hurry and find it before the portal rusts away!
The orc warrior hits you but does no damage.
The orc warrior hits you with a +2 scimitar of holy wrath.
You convulse.
There is a stone staircase leading up, spattered with blood here.
The orc warrior hits you with a +2 scimitar of holy wrath.
You convulse.
You climb upwards.
There is a stone staircase leading down, spattered with blood here.
You hit the orc warrior.
The orc warrior is lightly wounded.
The orc warrior hits you but does no damage.
You hit the orc warrior but do no damage.
The orc warrior is lightly wounded.
The orc warrior hits you with a +2 scimitar of holy wrath.
You convulse.
You barely miss the orc warrior.
The orc warrior is lightly wounded.
The orc warrior hits you with a +2 scimitar of holy wrath!
You convulse!
* * * LOW HITPOINT WARNING * * *
You closely miss the orc warrior.
The orc warrior is lightly wounded.
The orc warrior hits you with a +2 scimitar of holy wrath.
* * * LOW HITPOINT WARNING * * *
You convulse!
You die...

#### ..# ##.
#.#
.....###.######
#....†@†...#
#..##o####.#
.... #.# #.#
.... ..# #.#
.<. #### #.# ..
#.# # #.# #.#
## #.#


You could see an orc warrior.

Vanquished Creatures
  An ice beast (D:5)
  2 ogres
  A phantom (D:5)
  A scorpion (D:4)
  A hound (D:3)
  A gnoll bouda (D:3)
  2 iguanas (D:5)
  5 gnolls (D:2)
  5 adders
  An ufetubus (D:3)
  2 worms
  2 dart slugs (D:2)
  9 orcs
  2 bats (D:2)
  5 endoplasms
  6 giant cockroaches
  9 goblins
  3 hobgoblins
  6 jackals
  3 kobolds
  6 quokkas
  5 ball pythons
  3 frilled lizards
  2 rats
83 creatures vanquished.

Notes
Turn   | Place    | Note
-------+----------+-------------------------------------------
     0 | D:1      | jlumianski the Demonspawn Fighter began the quest for the
                  | Orb.
     0 | D:1      | Reached XP level 1. HP: 18/18 MP: 1/1
    48 | D:1      | Found a faded altar of an unknown god.
   250 | D:1      | Gained mutation: Your movements are slightly less
                  | encumbered by armour. (ER -2) [demonic ancestry]
   250 | D:1      | Reached XP level 2. HP: 24/24 MP: 2/2
   921 | D:2      | Reached XP level 3. HP: 28/29 MP: 3/3
  1292 | D:2      | Reached XP level 4. HP: 35/35 MP: 4/4
  1854 | D:3      | Gained mutation: Your movements are less encumbered by
                  | armour. (ER -4) [demonic ancestry]
  1854 | D:3      | Reached XP level 5. HP: 37/42 MP: 5/5
  2182 | D:4      | Noticed an ogre
  2563 | D:4      | Reached XP level 6. HP: 47/49 MP: 6/6
  2677 | D:4      | Found Bimnyth's Self-Improvement Boutique.
  3348 | D:5      | Entered Level 5 of the Dungeon
  3470 | D:5      | Reached skill level 1 in Dodging
  3470 | D:5      | Reached XP level 7. HP: 52/55 MP: 7/7
  3599 | D:5      | Identified the +2 hand axe "Orb Guardian's Foe" {drain,
                  | rN++ Str+5 Stlth-}
  3646 | D:5      | Reached skill level 1 in Stealth
  3695 | D:5      | Slain by an orc warrior

Illustrated notes

Levels and vault maps discovered:
D:1:      dpeg_arrival_round_c, layout_loops_ring,
          ebering_ecumenical_altar_sacrificial, dk_noncrumbling_3,
          hangedman_decor_slide_cut
D:2:      layout_loops_ring, minmay_misc_feat_x
D:3:      layout_rooms, nicolae_grassy_gnolls
D:4:      layout_gridville, minmay_misc_feat_rows, minmay_crystal_room,
          nicolae_shop_self_help
D:5:      layout_loops_cross, gammafunk_temple_overflow_wave,
          minmay_temple_entry_hall, serial_shops, nicolae_shop_behind_doors
D:6:      layout_basic, lightli_sewer_entry_pipes

Skill      XL: |  1  2  3  4  5  6  7 |
---------------+----------------------+-----
Armour         | 3 4 |  4.8
Axes           | 2 3 4 |  4.5
Shields        | 3 |  3.2
Fighting       | 4 |  4.7
Dodging        | 1 |  1.0
Stealth        | 1 |  1.1
Throwing       | |  0.6

Action                     |  1- 3 |  4- 6 |  7- 9 || total
---------------------------+-------+-------+-------++-------
  Melee: War axe           |   118 |   150 |    26 ||   294
  Throw: Stone             |       |     3 |       ||     3
         Boomerang         |       |     5 |     4 ||     9
    Use: Scroll            |       |    12 |     3 ||    15
         Potion            |       |     3 |       ||     3
   Stab: Invisible         |       |     2 |       ||     2
 Armour: Plate armour      |    88 |   122 |    22 ||   232
         Scale mail        |     2 |       |       ||     2
  Dodge: Dodged            |    45 |    69 |     9 ||   123
  Block: Buckler           |    29 |    42 |     3 ||    74

Table legend: (Time is in decaauts)
 A = Elapsed time spent in this place.
 B = Non-inter-level travel time spent in this place.
 C = Inter-level travel time spent in this place.
 D = Time resting spent in this place.
 E = Time spent auto-exploring this place.
 F = Levels seen in this place.
 G = Mean time per level.
                   A        B        C        D        E       F      G
               +--------+--------+--------+--------+--------+-----+--------+
         Total |   3822 |   3759 |     63 |    170 |   2115 |   6 |  637.0 |
       Dungeon |   3822 |   3759 |     63 |    170 |   2115 |   6 |  637.0 |
               +--------+--------+--------+--------+--------+-----+--------+

Top non-repeatable levels by time:
     D:4: 978 daAuts
     D:3: 866 daAuts
     D:2: 849 daAuts
     D:1: 773 daAuts
     D:5: 339 daAuts
     D:6: 14 daAuts
